 Dungeon Crawl Stone Soup version 0.31-a0-806-g0bc164a743 (webtiles) character file.

Game seed: 17460421396154309776

21 IndexError the Digger (level 2, -1/15 HPs)
             Began as a Gargoyle Earth Elementalist on Sept 21, 2023.
             Slain by Terence
             ... wielding a +0 mace
              (7 damage)
             ... on level 2 of the Dungeon.
             The game lasted 00:01:17 (1227 turns).

IndexError the Digger (Gargoyle Earth Elementalist) Turns: 1227, Time: 00:01:18

Health: -1/15      AC:  4    Str: 11    XL:     2   Next: 87%
Magic:  1/5        EV: 11    Int: 15    God:
Gold:   71         SH:  0    Dex: 10    Spells: 5/6 levels left

rFire   . . .        c - +0 club
rCold   . . .        (no shield)
rNeg    + . .        a - +0 robe
rPois   ∞            (no helmet)
rElec   +            (no cloak)
rCorr   .            (no gloves)
SInv    .            (no boots)
Will    .....        (no amulet)
Stlth   ++           (no ring)
HPRegen 0.22/turn    (no ring)
MPRegen 0.09/turn

%: no passive effects
@: no status effects
A: sickness immunity, AC +2, negative energy resistance 1, electricity
resistance, torment resistance 1, petrification resistance
a: no special abilities


You were on level 2 of the Dungeon.
You visited 1 branch of the dungeon, and saw 2 of its levels.

You collected 71 gold pieces.

Inventory:

Hand Weapons
 c - a +0 club (weapon)
   (You found it on level 1 of the Dungeon)
Armour
 a - a +0 robe (worn)
Scrolls
 f - a scroll of brand weapon {unknown}
Potions
 b - a potion of magic
 d - a potion of curing {unknown}
 e - a potion of haste {unknown}


   Skills:
 - Level 1.5 Dodging
 - Level 2.1 Stealth
 + Level 2.6 Spellcasting
 - Level 0.7 Transmutations
 + Level 4.3 Earth Magic


You had 5 spell levels left.
You knew the following spells:

 Your Spells              Type           Power      Damage    Failure   Level
a - Sandblast             Erth           28%        2d8       3%          1

Your spell library contained the following spells:

 Spells                   Type           Power      Damage    Failure   Level
 Passwall                 Tmut/Erth      7%         N/A       12%         2
 Stone Arrow              Conj/Erth      16%        3d8       26%         3
 Petrify                  Tmut/Erth      9%         N/A       58%         4
 Brom's Barrelling Bould  Conj/Erth      8%         2d3       65%         4
 Simulacrum               Ice/Necr       0%         N/A       100%        6
 Ozocubu's Refrigeration  Ice            0%         4d7       100%        7
 Polar Vortex             Ice            0%         N/A       100%        9


Dungeon Overview and Level Annotations

Branches:
Dungeon (2/15)

Altars:

Shops:
D:1 (

Annotations:
D:2 Terence


Innate Abilities, Weirdness & Mutations

You are immune to sickness and miasma.
Your stone body is resilient. (AC +2)
You are immune to poison.
You resist negative energy. (rN+)
You are resistant to electric shocks. (rElec)
You are resistant to unholy torment.
You are immune to petrification.


Message History

You now have 3/5 mp.
You can't see any susceptible monsters within range! (Use Z to cast anyway.) MP restored: 5
Press: ? - help, v - describe, . - travel
Here: a +0 demon blade (wandering, hasn't noticed you, fire blocked by a translucent stone wall)
The floor.
There is a stone staircase leading down here.
You open the door.
There is an open door here.
There is an open door here.
f - a scroll labelled OVVUHECI ZEGA You now have 71 gold pieces (gained 11).
You pick up a book of Ice and begin reading...
You add the spells Simulacrum, Ozocubu's Refrigeration and Polar Vortex to your library.
You see here a ball python skeleton.
There is an entrance to Cuucac's Weapon Emporium here.
There is an open door here.
There is an open door here.
Done exploring.
Done exploring.
Done exploring.
Done exploring.
Done exploring.
You can't go down here!
There is a stone staircase leading down here.
You climb downwards.
There is a stone staircase leading up here.
You climb upwards.
There is a stone staircase leading down here.
Search for what [? for help]? alt
There is an open door here.
There is an open door here.
There is a faded altar of an unknown god here.
This altar belongs to (a) Ru, (b) Wu Jian or (c) Trog, but you can't tell which.
Press the corresponding letter to learn more about a god, or press enter to convert or escape to cancel.
Okay, then.
There is an open door here.
There is an open door here.
There is a stone staircase leading down here.
You climb downwards.
There is a stone staircase leading up here.
The frilled lizard hisses angrily.
A hobgoblin comes into view.
The blast of sand hits the hobgoblin.
The hobgoblin shouts!
The hobgoblin hits you but does no damage.
You now have 4/5 mp.
The blast of sand misses the hobgoblin.
The hobgoblin completely misses you. The frilled lizard barely misses you.
You now have 3/5 mp.
The blast of sand hits the hobgoblin.
The hobgoblin hits you but does no damage.
The frilled lizard bites you but does no damage.
The hobgoblin barely misses you. The frilled lizard barely misses you.
You now have 2/5 mp.
The blast of sand hits the hobgoblin.
The frilled lizard misses you.
You now have 1/5 mp.
The blast of sand misses the frilled lizard.
The frilled lizard bites you but does no damage. x2
You now have 0/5 mp.
You are out of magic!
Okay, then.
Okay, then.
c - a +0 club (weapon)
You barely miss the frilled lizard. The frilled lizard barely misses you.
The frilled lizard bites you but does no damage.
You hit the frilled lizard.
No target in view!
There is a stone staircase leading up here.
You climb upwards.
There is a stone staircase leading down here.
Search for what [Enter for "alt", or ? for help]? weapon You see here a +0 ring mail.
There is a stone staircase leading down here.
You regained 3 mp, and now have 4/5 mp.
You climb downwards.
There is a stone staircase leading up here.
Magic restored.
Terence the Incautious comes into view.
He is wielding a +0 mace.
MP restored: 5 Terence is nearby!
The blast of sand hits Terence but does no damage.
Terence shouts!
You now have 4/5 mp.
The blast of sand hits Terence but does no damage.
Terence hits you with a +0 mace. x2
You take 5 damage, and have 10/15 hp.
MASSIVE DAMAGE!!
You now have 3/5 mp.
The blast of sand hits Terence but does no damage.
Terence closely misses you.
You now have 2/5 mp.
The blast of sand hits Terence.
Terence misses you. Terence barely misses you.
You now have 1/5 mp.
The blast of sand misses Terence.
Terence misses you.
You now have 0/5 mp.
You hit Terence but do no damage. Terence hits you with a +0 mace.
You take 1 damage, and have 10/15 hp.
You barely miss Terence. Terence hits you with a +0 mace.
Terence barely misses you.
You take 5 damage, and have 5/15 hp.
MASSIVE DAMAGE!!
You hit Terence but do no damage. Terence hits you with a +0 mace!
You die...

.....# #.#### ####..#
#.# #.# # # # #.# #.# .
#.## ######.####.#### #
#.#. .#.............# #
...#............##.# #
#...#.###.#######.#
...####@##.# #.# #.#
.......@...###.#######.#
##.####.#..............#
........#############
........# ######.#.#
#.#.# #.#.# #.#.. #.#


You could see Terence.

Vanquished Creatures
  A dart slug (D:1)
  An endoplasm (D:1)
  A giant cockroach (D:1)
  2 hobgoblins
  3 jackals (D:1)
  3 quokkas (D:1)
  2 ball pythons (D:1)
  2 bats (D:1)
  2 frilled lizards
17 creatures vanquished.

Notes
Turn   | Place    | Note
-------+----------+-------------------------------------------
     0 | D:1      | IndexError the Gargoyle Earth Elementalist began the quest
                  | for the Orb.
     0 | D:1      | Reached XP level 1. HP: 10/10 MP: 3/3
   175 | D:1      | Reached XP level 2. HP: 15/15 MP: 1/5
   223 | D:1      | Reached skill level 4 in Earth Magic
   508 | D:1      | Found a faded altar of an unknown god.
   537 | D:1      | Found Cuucac's Weapon Emporium.
   537 | D:1      | Noticed a +0 demon blade
   538 | D:1      | Noticed a +0 giant club
  1219 | D:2      | Noticed Terence
  1227 | D:2      | Slain by Terence

Illustrated notes

Levels and vault maps discovered:
D:1:      minmay_arrival_four_loops, layout_basic,
          dilly_ecumenical_altar_fadedgnrine, serial_shops,
          nicolae_shop_mannequins, minmay_box_of_dots
D:2:      layout_loops_ring, basic_altar, uniq_terence, uniq_crazy_yiuf_cottage

Skill      XL: |  1  2 |
---------------+-------+-----
Earth Magic    | 4 |  4.3
Dodging        | |  1.5
Stealth        | |  2.1
Spellcasting   | |  2.6
Transmutations | |  0.7

Action                     || total
---------------------------++-------
  Melee: Club              ||     5
         Unarmed           ||     1
   Cast: Sandblast         ||    30
 Armour: Robe              ||    13
  Dodge: Dodged            ||    17

Table legend: (Time is in decaauts)
 A = Elapsed time spent in this place.
 B = Non-inter-level travel time spent in this place.
 C = Inter-level travel time spent in this place.
 D = Time resting spent in this place.
 E = Time spent auto-exploring this place.
 F = Levels seen in this place.
 G = Mean time per level.
                   A        B        C        D        E       F      G
               +--------+--------+--------+--------+--------+-----+--------+
         Total |   1242 |   1022 |    220 |      0 |    906 |   2 |  621.0 |
       Dungeon |   1242 |   1022 |    220 |      0 |    906 |   2 |  621.0 |
               +--------+--------+--------+--------+--------+-----+--------+

Top non-repeatable levels by time:
     D:1: 1177 daAuts
     D:2: 65 daAuts

Levels and vault maps discovered:
D:1:      minmay_arrival_four_loops, layout_basic,
          dilly_ecumenical_altar_fadedgnrine, serial_shops,
          nicolae_shop_mannequins, minmay_box_of_dots
D:2:      layout_loops_ring, basic_altar, uniq_terence, uniq_crazy_yiuf_cottage

Table legend: (Time is in decaauts)
 A = Elapsed time spent in this place.
 B = Non-inter-level travel time spent in this place.
 C = Inter-level travel time spent in this place.
 D = Time resting spent in this place.
 E = Time spent auto-exploring this place.
 F = Levels seen in this place.
 G = Mean time per level.
                   A        B        C        D        E       F      G
               +--------+--------+--------+--------+--------+-----+--------+
         Total |   1242 |   1022 |    220 |      0 |    906 |   2 |  621.0 |
       Dungeon |   1242 |   1022 |    220 |      0 |    906 |   2 |  621.0 |
               +--------+--------+--------+--------+--------+-----+--------+

Top non-repeatable levels by time:
     D:1: 1177 daAuts
     D:2: 65 daAuts

Table legend:
 A = Kills in this place as a percentage of kills in the entire game.
 B = Kills by you in this place as a percentage of kills by you in the entire game.
 C = Kills by friends in this place as a percentage of kills by friends in the entire game.
 D = Other kills in this place as a percentage of other kills in the entire game.
 E = Experience gained in this place as a percentage of experience gained in the entire game.
 F = Experience gained in this place divided by the number of levels of this place that you have seen.
                   A       B       C       D       E      F
               +-------+-------+-------+-------+-------+----------------------
         Total | 100.0 | 100.0 |   N/A |   N/A | 100.0 |  15.5
       Dungeon | 100.0 | 100.0 |   N/A |   N/A | 100.0 |  15.5
               +-------+-------+-------+-------+-------+----------------------
